 Dungeon Crawl Stone Soup version 0.29.1 (webtiles) character file.

Game seed: 3679568347521146283

1845 sleeves the Skirmisher (level 9, -6/50 (62) HPs)
             Began as a Barachi Hunter on Sept 14, 2022.
             Mangled by a wight
             ... wielding a +3 halberd
              (8 damage)
             ... on level 5 of the Dungeon.
             The game lasted 00:13:30 (5966 turns).

sleeves the Skirmisher (Barachi Hunter)             Turns: 5966, Time: 00:13:31

HP:   -6/50 (62)    AC:  8    Str:  9 (12) XL:     9   Next: 12%
MP:   8/8           EV: 12    Int:  9 (11) God:
Gold: 261           SH:  0    Dex: 16 (19) Spells: 8/8 levels left

rFire   + . .      SeeInvis +   a - +1 shortbow (chaos)
rCold   . . .      Faith    .   (shield currently unavailable)
rNeg    . . .      Spirit   .   n - +3 leather armour {rF+}
rPois   +          Reflect  .   (no helmet)
rElec   .          Harm     .   (no cloak)
rCorr   .          Rampage  .   d - +0 pair of gloves
Will    .....                   f - +0 pair of boots
Stlth   ..........              (no amulet)
HPRegen 0.16/turn               m - ring of see invisible
MPRegen 0.11/turn               v - ring of poison resistance

@: brilliant, silenced, weak-willed, unable to hop, flying, heavily drained,
slow
A: amphibious, slowness 1, strong legs 1, +LOS, low MP 1, mutation resistance 1
a: Hop


You were on level 5 of the Dungeon.
You visited 1 branch of the dungeon, and saw 5 of its levels.

You collected 261 gold pieces.

Inventory:

Hand Weapons
 a - a +1 shortbow of chaos (weapon)
Armour
 d - a +0 pair of gloves (worn)
   (You found it on level 3 of the Dungeon)
 f - a +0 pair of boots (worn)
   (You found it on level 1 of the Dungeon)
 n - a +3 leather armour of fire resistance (worn)
   (You took it off an orc on level 3 of the Dungeon)
Jewellery
 m - a ring of see invisible (left hand)
   (You found it on level 3 of the Dungeon)
 s - a ring of fire
   (You found it on level 4 of the Dungeon)
 v - a ring of poison resistance (right hand)
   (You found it on level 5 of the Dungeon)
Scrolls
 b - a scroll of immolation
 g - 2 scrolls of vulnerability
 i - 5 scrolls of identify {unknown}
Potions
 e - 2 potions of degeneration
 h - 2 potions of might {unknown}
 k - a potion of flight
 p - a potion of brilliance


   Skills:
 - Level 2.4 Fighting
 + Level 12.1 Ranged Weapons
 - Level 2.1 Dodging
 - Level 0.8 Stealth


You had 8 spell levels left.
You didn't know any spells.
Your spell library was empty.

Dungeon Overview and Level Annotations

Branches:
Dungeon (5/15)
 Temple: D:4-7

Altars:


Innate Abilities, Weirdness & Mutations

You are amphibious.
You cover ground slowly.
You can hop short distances.
You have an extended range of vision and can be seen from far away.
Your magical capacity is low. (-10% MP)
You are somewhat resistant to further mutation.


Message History

The orc wizard is heavily wounded.
The orc wizard hits you with a +0 dagger.
You shoot an arrow. The arrow hits the orc wizard!
You kill the orc wizard!
You have reached level 8!
You feel clever.
HP restored.
Done exploring.
Done exploring.
You climb downwards.
The orc hits you with a +0 club. The orc hits you but does no damage. x2
There is a stone staircase leading up, spattered with blood here.
You shoot an arrow. The arrow closely misses the orc.
The orc misses you. The orc hits you but does no damage.
You shoot an arrow. The arrow hits the orc.
The orc is almost dead.
The orc misses you. The orc hits you but does no damage.
You shoot an arrow. The arrow hits the orc!
You kill the orc!
The orc barely misses you.
You shoot an arrow. The arrow hits the orc.
The orc is moderately wounded.
The orc misses you.
You shoot an arrow. The arrow hits the orc!
You kill the orc!
No target in view!
You see here a +0 dagger.
The black bear growls angrily.
There are monsters nearby!
The orc shouts!
Hop to where?
Press: ? - help, Dir - move target Boing!
You see here a +0 dagger.
There is a stone staircase leading up, spattered with blood here.
You shoot an arrow. The arrow hits the black bear.
The black bear is lightly wounded.
You shoot an arrow. The arrow hits the black bear.
The black bear is moderately wounded.
You shoot an arrow. The arrow hits the black bear.
The black bear is heavily wounded.
You shoot an arrow. The arrow hits the black bear!
The black bear is severely wounded.
You shoot an arrow.
The arrow closely misses the black bear.
The black bear goes berserk!
You shoot an arrow. The arrow hits the black bear.
The black bear is severely wounded.
You shoot an arrow. The arrow hits the black bear!
The black bear is almost dead.
The black bear closely misses you. x2
The black bear claws you but does no damage.
The black bear closely misses you. The black bear claws you.
The black bear closely misses you.
You shoot an arrow. The arrow hits the black bear!
You kill the black bear!
The orc hits you with a +0 hand axe.
Your Ranged Weapons skill increases to level 10!
You shoot an arrow. The arrow closely misses the orc.
The orc hits you with a +0 hand axe.
You shoot an arrow. The arrow closely misses the orc.
The orc hits you with a +0 hand axe.
You shoot an arrow. The arrow hits the orc.
The orc is severely wounded.
The orc hits you with a +0 hand axe.
You shoot an arrow. The arrow hits the orc!
You kill the orc!
No target in view!
No target in view!
You are ready to hop once more.
A kobold comes into view. It is wielding a +0 dagger.
A kobold is nearby!
A kobold is nearby!
You shoot an arrow. The arrow closely misses the kobold.
The kobold shouts!
You shoot an arrow. The arrow closely misses the kobold.
The kobold throws a stone.
The stone barely misses you.
You shoot an arrow. The arrow hits the kobold!
You kill the kobold!
No target in view!
No target in view!
No target in view!
HP restored.
You see here a +0 dagger.
An orc wizard comes into view. It is wielding a +0 morningstar.
Things that are here:
a +0 dagger; 3 stones An orc wizard is nearby!
An orc wizard is nearby!
You shoot an arrow. The orc wizard shouts!
The arrow hits the orc wizard.
The orc wizard is moderately wounded.
You hear a shout! x2
You shoot an arrow.
The arrow closely misses the orc wizard.
You hear a shout!
The orc wizard casts a spell.
The orc wizard flickers and vanishes for a moment.
You shoot an arrow. The arrow hits the orc wizard.
The orc wizard is moderately wounded.
You shoot an arrow. The arrow barely misses the orc wizard.
You shoot an arrow.
The arrow closely misses the orc wizard.
You shoot an arrow.
The arrow completely misses the orc wizard.
You shoot an arrow. The arrow hits the orc wizard.
The orc wizard is heavily wounded.
The orc wizard closely misses you.
You shoot an arrow.
The arrow closely misses the orc wizard.
The arrow hits the orc!
You kill the orc!
The orc wizard misses you.
You shoot an arrow. The arrow hits the orc wizard.
The orc wizard is almost dead.
The orc wizard hits you with a +0 morningstar.
An orc comes into view. It is wielding a +0 hand axe.
You shoot an arrow. The orc shouts!
The arrow hits the orc wizard.
You kill the orc wizard!
You shoot an arrow. The arrow hits the orc!
You kill the orc!
No target in view!
No target in view!
An orc wizard is nearby!
An orc wizard is nearby!
An orc wizard is nearby!
An orc wizard is nearby!
You shoot an arrow. The arrow hits the orc wizard!
The orc wizard is heavily wounded.
The orc wizard gestures at you while chanting.
You are confused.
You shoot an arrow. You shoot an arrow. You shoot an arrow.
The orc wizard casts a spell at you. The magic dart hits you.
You shoot an arrow.
The orc wizard gestures at you while chanting.
You resist with some effort.
You shoot an arrow.
You feel less confused.
You shoot an arrow. The arrow barely misses the orc wizard.
You shoot an arrow.
The arrow closely misses the orc wizard.
You shoot an arrow.
The arrow hits the orc wizard but does no damage.
The orc wizard is heavily wounded.
You shoot an arrow. The arrow hits the orc wizard.
The orc wizard is almost dead.
The orc wizard hits you but does no damage.
You shoot an arrow. The arrow barely misses the orc wizard.
The orc wizard points at you and mumbles some strange words.
You resist with some effort.
You shoot an arrow. The arrow barely misses the orc wizard.
The orc wizard hits you but does no damage.
You shoot an arrow.
The arrow closely misses the orc wizard.
The orc wizard gestures at you while chanting.
The puff of flame hits you. You resist.
You shoot an arrow.
The arrow hits the orc wizard but does no damage.
The orc wizard is almost dead.
The orc wizard hits you with a +0 dagger.
You shoot an arrow. The arrow barely misses the orc wizard.
The orc wizard casts a spell at you. The puff of flame hits you. You resist.
You shoot an arrow.
The arrow closely misses the orc wizard.
The orc wizard barely misses you.
You shoot an arrow. The arrow hits the orc wizard!
You kill the orc wizard!
No target in view!
No target in view!
Items here: )) [[ ††.
i - 5 scrolls labelled WAXURO XEGAHYPT (gained 1)
You now have 202 gold pieces (gained 12).
Things that are here:
a +0 dagger; a +0 leather armour; an orc corpse
Things that are here:
a +0 hand axe; an orc corpse You now have 213 gold pieces (gained 11).
Items here: )) [ ÷÷.
You now have 230 gold pieces (gained 17).
p - 2 metallic purple potions (gained 1)
You see here a +0 dagger.
Things that are here:
a +0 trident; a +0 short sword
e - 2 purple potions (gained 1)
Items here: ))))) [[[[ ÷.
Things that are here:
a +0 trident; a +0 short sword
Found two stone staircases leading down.
Found a stone staircase leading down.
A scorpion comes into view.
You shoot an arrow. The arrow hits the scorpion.
The scorpion is moderately wounded.
You shoot an arrow.
The arrow hits the scorpion but does no damage.
The scorpion is moderately wounded.
You shoot an arrow. The arrow closely misses the scorpion.
You shoot an arrow. The arrow hits the scorpion.
The scorpion is heavily wounded.
You shoot an arrow. The arrow hits the scorpion.
The scorpion is severely wounded.
You shoot an arrow. The arrow barely misses the scorpion.
The scorpion stings you but does no damage.
You shoot an arrow.
The arrow hits the scorpion but does no damage.
The scorpion is severely wounded.
The scorpion stings you but does no damage.
You shoot an arrow.
The arrow hits the scorpion but does no damage.
The scorpion is severely wounded.
The scorpion closely misses you.
You shoot an arrow. The arrow barely misses the scorpion.
The scorpion stings you.
You are poisoned.
The scorpion poisons you!
You shoot an arrow. The arrow closely misses the scorpion.
You feel sick. The scorpion stings you. x2
You shoot an arrow. The arrow hits the scorpion!
You kill the scorpion!
You feel sick.
No target in view!
No target in view!
You feel sick.
You feel sick.
You feel sick.
You feel sick.
You feel sick.
You are no longer poisoned.
An adder comes into view.
An adder is nearby!
An adder is nearby!
You shoot an arrow. The arrow closely misses the adder.
You shoot an arrow. The arrow closely misses the adder.
You shoot an arrow. The arrow completely misses the adder.
You shoot an arrow.
The arrow hits the adder but does no damage.
You shoot an arrow. The arrow hits the adder.
The adder is heavily wounded.
You shoot an arrow. The arrow misses the adder.
The adder barely misses you.
You shoot an arrow. The arrow closely misses the adder.
The adder closely misses you.
You shoot an arrow.
The arrow hits the adder but does no damage.
The adder is heavily wounded.
The adder bites you but does no damage. x2
You shoot an arrow.
The arrow hits the adder but does no damage.
The adder is heavily wounded.
The adder barely misses you.
You shoot an arrow. The arrow closely misses the adder.
The adder bites you but does no damage. x2
You shoot an arrow. The arrow hits the adder.
You kill the adder!
No target in view!
No target in view!
Things that are here:
an adder corpse; a scorpion corpse
There is a stone staircase leading down here.
There is a stone staircase leading down here.
Found a dagger.
There is a stone staircase leading down here.
Found an escape hatch in the ceiling.
There is a stone staircase leading down here.
g - 3 scrolls labelled NUIMAY KEQUDIKU (gained 1)
Things that are here:
a +0 chain mail; a +0 hand axe; a +0 hand axe Key pressed, stopping explore.
Found a spear.
Found an escape hatch in the floor.
Found a long sword.
You see here a +0 spear.
There is an escape hatch in the floor here.
You see here a +0 long sword.
t - 2 pink potions (gained 1) Done exploring.
Done exploring.
Done exploring.
You see here a +0 club.
There is a stone staircase leading down here.
You climb downwards.
There is a stone staircase leading up here.
An ice beast comes into view.
You shoot an arrow. The arrow hits the ice beast!
The ice beast is moderately wounded.
You shoot an arrow.
The arrow hits the ice beast but does no damage.
The ice beast is moderately wounded.
You shoot an arrow.
The arrow hits the ice beast but does no damage.
The ice beast is moderately wounded.
You shoot an arrow. The arrow hits the ice beast.
The ice beast is moderately wounded.
You shoot an arrow. The arrow hits the ice beast!
The ice beast is severely wounded.
Found a mace.
You shoot an arrow. The arrow hits the ice beast!
You kill the ice beast!
A water moccasin comes into view.
Found 10 gold pieces.
A water moccasin is nearby!
There is a stone staircase leading up here.
You climb upwards.
There is a stone staircase leading down here.
There is a stone staircase leading down here.
You climb downwards.
Found a short sword and 4 silver boomerangs.
There is a stone staircase leading up here.
Found an escape hatch in the floor.
Found 6 stones.
An adder comes into view.
The adder hisses angrily.
You shoot an arrow. The arrow misses the adder.
You hear a shout!
A centaur comes into view.
You hear a bark!
You shoot an arrow. The arrow hits the adder.
The adder is severely wounded.
The adder bites you but does no damage. The adder attacks as you move away!
The adder closely misses you. The adder barely misses you.
The centaur wields a +0 shortbow.
The centaur shoots an arrow.
The arrow barely misses you. The adder barely misses you.
The adder attacks as you move away! The adder completely misses you.
Really attack while wielding your +0 shortbow?
Okay, then.
The adder barely misses you. The adder completely misses you.
Fire: a) +0 shortbow
Press: ? - help, Q - select action, (/) - cycle Shift-Dir - straight line, f/p - adder
Aim: an adder (severely wounded, 51% to hit)
You shoot an arrow. The arrow misses the adder.
The arrow hits the centaur.
The centaur is lightly wounded.
The adder barely misses you.
Fire: a) +0 shortbow
Press: ? - help, Q - select action, (/) - cycle Shift-Dir - straight line, f/p - adder
Aim: an adder (severely wounded, 51% to hit)
You shoot an arrow. The arrow barely misses the adder.
The arrow closely misses the centaur.
The adder barely misses you.
Fire: a) +0 shortbow
Press: ? - help, Q - select action, (/) - cycle Shift-Dir - straight line, f/p - adder
Aim: an adder (severely wounded, 51% to hit)
You shoot an arrow. The arrow closely misses the adder.
The arrow hits the centaur but does no damage.
The centaur is lightly wounded.
The adder bites you.
Fire: a) +0 shortbow
Press: ? - help, Q - select action, (/) - cycle Shift-Dir - straight line, f/p - adder
Aim: an adder (severely wounded, 51% to hit)
You shoot an arrow. The arrow hits the adder!
You kill the adder!
The centaur unwields a +0 shortbow.
The centaur barely misses you. x2
Fire: a) +0 shortbow
Press: ? - help, Q - select action, (/) - cycle Shift-Dir - straight line, f - centaur
Aim: a centaur (lightly wounded, 76% to hit)
You shoot an arrow. The arrow closely misses the centaur.
The centaur completely misses you.
The centaur kicks you but does no damage.
Fire: a) +0 shortbow
Press: ? - help, Q - select action, (/) - cycle Shift-Dir - straight line, f/p - centaur
Aim: a centaur (lightly wounded, 76% to hit)
You shoot an arrow. The arrow hits the centaur.
The centaur is moderately wounded.
The centaur hits you but does no damage.
The centaur misses you.
The centaur hits you but does no damage.
The centaur kicks you but does no damage.
Fire: a) +0 shortbow
Press: ? - help, Q - select action, (/) - cycle Shift-Dir - straight line, f/p - centaur
Aim: a centaur (moderately wounded, 76% to hit)
You shoot an arrow. The arrow barely misses the centaur.
The centaur hits you but does no damage.
The centaur barely misses you.
Fire: a) +0 shortbow
Press: ? - help, Q - select action, (/) - cycle Shift-Dir - straight line, f/p - centaur
Aim: a centaur (moderately wounded, 76% to hit)
You shoot an arrow.
The arrow hits the centaur but does no damage.
The centaur is moderately wounded.
The centaur misses you. The centaur barely misses you.
The centaur hits you but does no damage.
The centaur misses you.
Fire: a) +0 shortbow
Press: ? - help, Q - select action, (/) - cycle Shift-Dir - straight line, f/p - centaur
Aim: a centaur (moderately wounded, 76% to hit)
You shoot an arrow. The arrow barely misses the centaur.
You hear a shout!
The centaur hits you but does no damage.
The centaur kicks you but does no damage.
You hear a shout!
Fire: a) +0 shortbow
Press: ? - help, Q - select action, (/) - cycle Shift-Dir - straight line, f/p - centaur
Aim: a centaur (moderately wounded, 76% to hit)
You shoot an arrow. The arrow hits the centaur.
The centaur is heavily wounded.
The centaur barely misses you. The centaur closely misses you.
The centaur barely misses you.
The centaur kicks you but does no damage.
Fire: a) +0 shortbow
Press: ? - help, Q - select action, (/) - cycle Shift-Dir - straight line, f/p - centaur
Aim: a centaur (heavily wounded, 76% to hit)
You shoot an arrow. The arrow hits the centaur.
The centaur is heavily wounded.
The centaur hits you.
The centaur kicks you but does no damage.
Fire: a) +0 shortbow
Press: ? - help, Q - select action, (/) - cycle Shift-Dir - straight line, f/p - centaur
Aim: a centaur (heavily wounded, 76% to hit)
You shoot an arrow.
The arrow hits the centaur but does no damage.
The centaur is heavily wounded.
The centaur hits you. The centaur barely misses you.
Fire: a) +0 shortbow
Press: ? - help, Q - select action, (/) - cycle Shift-Dir - straight line, f/p - centaur
Aim: a centaur (heavily wounded, 76% to hit)
You shoot an arrow. The arrow hits the centaur!
The centaur is almost dead.
The centaur misses you.
The centaur kicks you but does no damage.
The centaur hits you. The centaur barely misses you.
Fire: a) +0 shortbow
Press: ? - help, Q - select action, (/) - cycle Shift-Dir - straight line, f/p - centaur
Aim: a centaur (almost dead, 76% to hit)
You shoot an arrow. The arrow closely misses the centaur.
The centaur hits you but does no damage.
The centaur kicks you but does no damage.
Fire: a) +0 shortbow
Press: ? - help, Q - select action, (/) - cycle Shift-Dir - straight line, f/p - centaur
Aim: a centaur (almost dead, 76% to hit)
You shoot an arrow. The arrow barely misses the centaur.
The centaur barely misses you. x2
A gnoll comes into view. It is wielding a +0 flail.
The centaur hits you. The centaur barely misses you.
Fire: a) +0 shortbow
Press: ? - help, Q - select action, (/) - cycle Shift-Dir - straight line, f/p - centaur
Aim: a centaur (almost dead, 76% to hit)
You shoot an arrow. The arrow hits the centaur!
You kill the centaur!
Fire: a) +0 shortbow
Press: ? - help, Q - select action, (/) - cycle Shift-Dir - straight line, f - gnoll
Aim: a gnoll, wielding a +0 flail (69% to hit)
You shoot an arrow. The arrow hits the gnoll.
The gnoll is heavily wounded.
Fire: a) +0 shortbow
Press: ? - help, Q - select action, (/) - cycle Shift-Dir - straight line, f/p - gnoll
Aim: a gnoll, wielding a +0 flail (heavily wounded, 69% to hit)
You shoot an arrow. The arrow closely misses the gnoll.
You hear a shout!
The gnoll closely misses you.
You hear a shout!
Fire: a) +0 shortbow
Press: ? - help, Q - select action, (/) - cycle Shift-Dir - straight line, f/p - gnoll
Aim: a gnoll, wielding a +0 flail (heavily wounded, 69% to hit)
You shoot an arrow. The arrow hits the gnoll.
The gnoll is almost dead.
The gnoll misses you.
A gnoll comes into view. It is wielding a +0 halberd.
Fire: a) +0 shortbow
Press: ? - help, Q - select action, (/) - cycle Shift-Dir - straight line, f/p - gnoll
Aim: a gnoll, wielding a +0 flail (almost dead, 69% to hit)
You shoot an arrow. The arrow hits the gnoll.
You kill the gnoll!
Fire: a) +0 shortbow
Press: ? - help, Q - select action, (/) - cycle Shift-Dir - straight line, f - gnoll
Aim: a gnoll, wielding a +0 halberd (69% to hit)
You shoot an arrow. The arrow hits the gnoll!
The gnoll is heavily wounded.
Fire: a) +0 shortbow
Press: ? - help, Q - select action, (/) - cycle Shift-Dir - straight line, f/p - gnoll
Aim: a gnoll, wielding a +0 halberd (heavily wounded, 69% to hit)
You shoot an arrow.
The arrow hits the gnoll but does no damage.
The gnoll is heavily wounded.
A gnoll comes into view. It is wielding a +0 halberd.
The gnoll misses you.
Fire: a) +0 shortbow
Press: ? - help, Q - select action, (/) - cycle Shift-Dir - straight line, f/p - gnoll
Aim: a gnoll, wielding a +0 halberd (heavily wounded, 69% to hit)
You shoot an arrow. The arrow hits the gnoll!
You kill the gnoll!
Fire: a) +0 shortbow
Press: ? - help, Q - select action, (/) - cycle Shift-Dir - straight line, f - gnoll
Aim: a gnoll, wielding a +0 halberd (69% to hit)
You shoot an arrow. The arrow barely misses the gnoll.
The gnoll misses you.
Fire: a) +0 shortbow
Press: ? - help, Q - select action, (/) - cycle Shift-Dir - straight line, f/p - gnoll
Aim: a gnoll, wielding a +0 halberd (69% to hit)
You shoot an arrow. The arrow hits the gnoll.
The gnoll is lightly wounded.
The gnoll hits you from afar with a +0 halberd!
Fire: a) +0 shortbow
Press: ? - help, Q - select action, (/) - cycle Shift-Dir - straight line, f/p - gnoll
Aim: a gnoll, wielding a +0 halberd (69% to hit)
You shoot an arrow. The arrow hits the gnoll.
The gnoll is moderately wounded.
The gnoll hits you from afar with a +0 halberd.
Fire: a) +0 shortbow
Press: ? - help, Q - select action, (/) - cycle Shift-Dir - straight line, f/p - gnoll
Aim: a gnoll, wielding a +0 halberd (moderately wounded, 69% to hit)
You shoot an arrow. The arrow hits the gnoll!
You kill the gnoll!
Fire: a) +0 shortbow
Press: ? - help, Q - select action, (/) - cycle Shift-Dir - straight line, f - you Really target yourself?
Okay, then.
Things that are here:
a +0 flail; a +0 shortbow; an adder corpse HP restored.
Things that are here:
a +0 halberd; a +0 halberd; a gnoll corpse
v - a ring of poison resistance
v - a ring of poison resistance (right hand)
Found a stone staircase leading down.
There is a stone staircase leading down here.
Found an escape hatch in the ceiling.
w - a scroll labelled JUISELIROMP
There is an escape hatch in the ceiling here.
x - a scroll labelled VOMUGISIUMU
e - 3 purple potions (gained 1)
Found a dagger.
A hound comes into view.
A hound is nearby!
A hound is nearby!
You shoot an arrow. The arrow misses the hound.
The hound barks!
You shoot an arrow. The arrow completely misses the hound.
The hound bites you but does no damage.
You shoot an arrow. The arrow hits the hound.
The hound is moderately wounded.
The hound closely misses you. The hound bites you but does no damage.
You shoot an arrow. The arrow closely misses the hound.
The hound closely misses you.
You shoot an arrow. The arrow hits the hound.
The hound is heavily wounded.
The hound bites you. The hound bites you but does no damage.
You shoot an arrow. The arrow hits the hound.
The hound is severely wounded.
The hound bites you.
You shoot an arrow. The arrow hits the hound!
You kill the hound!
No target in view!
You see here a hound corpse.
A water moccasin is nearby!
You shoot an arrow.
The arrow hits the water moccasin but does no damage.
The water moccasin hisses angrily.
You shoot an arrow.
The arrow hits the water moccasin but does no damage.
You shoot an arrow. The arrow hits the water moccasin.
The water moccasin is lightly wounded.
You shoot an arrow. The arrow misses the water moccasin.
The water moccasin barely misses you.
You shoot an arrow.
The arrow hits the water moccasin but does no damage.
The water moccasin is lightly wounded.
The water moccasin bites you.
You are poisoned.
The water moccasin poisons you!
You shoot an arrow. The arrow hits the water moccasin.
The water moccasin is lightly wounded.
You feel very sick. The water moccasin closely misses you.
You shoot an arrow.
The arrow closely misses the water moccasin.
You feel very sick. The water moccasin bites you. The water moccasin bites you!
Aiming: Mindburst
Press: ? - help, Shift-Dir - straight line, f/p - water moccasin
Aim: a water moccasin (lightly wounded, chance to affect: 64%)
The water moccasin struggles to resist.
You feel sick.
The water moccasin bites you but does no damage.
Aiming: Mindburst
Press: ? - help, Shift-Dir - straight line, f/p - water moccasin
Aim: a water moccasin (lightly wounded, chance to affect: 64%)
The water moccasin struggles to resist.
The now-empty wand crumbles to dust.
You feel sick. The water moccasin barely misses you.
The water moccasin completely misses you.
You are too injured to fight recklessly!
Fire: a) +0 shortbow
Press: ? - help, Q - select action, (/) - cycle Shift-Dir - straight line, f/p - water moccasin
Aim: a water moccasin (lightly wounded, 51% to hit)
You shoot an arrow. The arrow hits the water moccasin.
The water moccasin is moderately wounded.
You feel sick. The water moccasin barely misses you.
Fire: a) +0 shortbow
Press: ? - help, Q - select action, (/) - cycle Shift-Dir - straight line, f/p - water moccasin
Aim: a water moccasin (moderately wounded, 51% to hit)
You shoot an arrow. The arrow hits the water moccasin!
The water moccasin is heavily wounded.
You feel sick.
The water moccasin bites you but does no damage.
Fire: a) +0 shortbow
Press: ? - help, Q - select action, (/) - cycle Shift-Dir - straight line, f/p - water moccasin
Aim: a water moccasin (heavily wounded, 51% to hit)
You shoot an arrow. The arrow hits the water moccasin!
The water moccasin is severely wounded.
You feel sick.
The water moccasin bites you but does no damage.
The water moccasin barely misses you.
Fire: a) +0 shortbow
Press: ? - help, Q - select action, (/) - cycle Shift-Dir - straight line, f/p - water moccasin
Aim: a water moccasin (severely wounded, 51% to hit)
You shoot an arrow. The arrow hits the water moccasin.
The water moccasin is almost dead.
You feel sick.
The water moccasin bites you but does no damage.
Fire: a) +0 shortbow
Press: ? - help, Q - select action, (/) - cycle Shift-Dir - straight line, f/p - water moccasin
Aim: a water moccasin (almost dead, 51% to hit)
You shoot an arrow. The arrow hits the water moccasin!
You kill the water moccasin!
You feel sick.
Your Ranged Weapons skill increases to level 11!
You feel sick.
You are no longer poisoned.
Key pressed, stopping explore.
You now have 240 gold pieces (gained 10).
A wight comes into view. It is wielding a +0 flail.
A wight is nearby!
You shoot an arrow. The arrow hits the wight.
The wight is moderately damaged.
You shoot an arrow. The arrow barely misses the wight.
You shoot an arrow. The arrow closely misses the wight.
A wight comes into view.
It is wielding a +3 morningstar and carrying a wand of light (7).
The wight zaps a wand.
The bolt of light hits you!
Found a short sword.
The wight throws a stone.
The stone barely misses you.
Hop to where?
Press: ? - help, Dir - move target An orc wizard comes into view.
It is wielding a +0 dagger.
Found a robe.
Boing!
There is a stone staircase leading up here.
You climb upwards.
There is a stone staircase leading down here.
There is a stone staircase leading down here.
There is a stone staircase leading down here.
You start resting.
You are ready to hop once more.
You climb downwards.
The orc shouts!
The orc priest shouts!
The orc wizard shouts!
Found a robe and a rapier.
There is a stone staircase leading up here.
There are monsters nearby!
You shoot an arrow. The arrow completely misses the orc.
The orc shouts!
You shoot an arrow. The arrow closely misses the orc.
Fire: a) +0 shortbow
Press: ? - help, Q - select action, (/) - cycle Shift-Dir - straight line, f - orc priest, p - orc
Aim: an orc priest, wielding a +0 flail (66% to hit)
You shoot an arrow. The arrow hits the orc!
You kill the orc!
You shoot an arrow. The arrow hits the orc priest.
The orc priest is heavily wounded.
You shoot an arrow.
The arrow closely misses the orc priest.
You shoot an arrow. The arrow hits the orc priest.
The orc priest is heavily wounded.
The orc priest hits you with a +0 flail.
You shoot an arrow. The arrow barely misses the orc priest.
The orc priest misses you. The orc barely misses you.
The orc wizard hits you with a +0 dagger.
You shoot an arrow.
The arrow closely misses the orc priest.
The orc priest calls down the wrath of Beogh upon you.
Beogh smites you! The orc barely misses you.
The orc wizard points at you and mumbles some strange words.
The puff of flame hits you. You resist.
You are too injured to fight recklessly!
Fire: a) +0 shortbow
Press: ? - help, Q - select action, (/) - cycle Shift-Dir - straight line, f/p - orc priest
Aim: an orc priest, wielding a +0 flail (heavily wounded, 66% to hit)
You shoot an arrow. The arrow hits the orc priest!
The orc priest is almost dead.
The orc priest barely misses you. The orc hits you with a +0 club.
The orc wizard hits you with a +0 dagger.
Fire: a) +0 shortbow
Press: ? - help, Q - select action, (/) - cycle Shift-Dir - straight line, f/p - orc priest
Aim: an orc priest, wielding a +0 flail (almost dead, 66% to hit)
You shoot an arrow. The arrow hits the orc priest.
You kill the orc priest!
The orc closely misses you. The orc wizard casts a spell at you.
You resist with some effort.
Fire: a) +0 shortbow
Press: ? - help, Q - select action, (/) - cycle Shift-Dir - straight line, f - orc wizard
Aim: an orc wizard, wielding a +0 dagger and wearing a +0 robe (60% to hit)
You shoot an arrow. The arrow hits the orc wizard.
The orc wizard is heavily wounded.
The orc hits you but does no damage. The orc wizard closely misses you.
Fire: a) +0 shortbow
Press: ? - help, Q - select action, (/) - cycle Shift-Dir - straight line, f/p - orc wizard
Aim: an orc wizard, wielding a +0 dagger and wearing a +0 robe (heavily wounded, 60% to hit)
You shoot an arrow. The arrow hits the orc wizard.
The orc wizard is heavily wounded.
The orc hits you with a +0 club.
The orc wizard hits you but does no damage.
Fire: a) +0 shortbow
Press: ? - help, Q - select action, (/) - cycle Shift-Dir - straight line, f/p - orc wizard
Aim: an orc wizard, wielding a +0 dagger and wearing a +0 robe (heavily wounded, 60% to hit)
You shoot an arrow.
The arrow hits the orc wizard but does no damage.
The orc wizard is heavily wounded.
The orc hits you but does no damage.
The orc wizard hits you but does no damage.
Fire: a) +0 shortbow
Press: ? - help, Q - select action, (/) - cycle Shift-Dir - straight line, f/p - orc wizard
Aim: an orc wizard, wielding a +0 dagger and wearing a +0 robe (heavily wounded, 60% to hit)
You shoot an arrow. The arrow hits the orc wizard.
The orc wizard is severely wounded.
The orc barely misses you. The orc wizard casts a spell at you.
You resist with some effort.
Fire: a) +0 shortbow
Press: ? - help, Q - select action, (/) - cycle Shift-Dir - straight line, f/p - orc wizard
Aim: an orc wizard, wielding a +0 dagger and wearing a +0 robe (severely wounded, 60% to hit)
You shoot an arrow. The arrow hits the orc wizard.
You kill the orc wizard!
The orc hits you with a +0 club.
Fire: a) +0 shortbow
Press: ? - help, Q - select action, (/) - cycle Shift-Dir - straight line, f - orc
Aim: an orc, wielding a +0 club and wearing a +0 leather armour (66% to hit)
You shoot an arrow.
The arrow hits the orc but does no damage.
The orc misses you.
Fire: a) +0 shortbow
Press: ? - help, Q - select action, (/) - cycle Shift-Dir - straight line, f/p - orc
Aim: an orc, wielding a +0 club and wearing a +0 leather armour (66% to hit)
You shoot an arrow. The arrow hits the orc.
The orc is almost dead.
The orc hits you but does no damage.
Fire: a) +0 shortbow
Press: ? - help, Q - select action, (/) - cycle Shift-Dir - straight line, f/p - orc
Aim: an orc, wielding a +0 club and wearing a +0 leather armour (almost dead, 66% to hit)
You shoot an arrow. The arrow completely misses the orc.
The orc hits you but does no damage.
Fire: a) +0 shortbow
Press: ? - help, Q - select action, (/) - cycle Shift-Dir - straight line, f/p - orc
Aim: an orc, wielding a +0 club and wearing a +0 leather armour (almost dead, 66% to hit)
You shoot an arrow. The arrow barely misses the orc.
The orc barely misses you.
Fire: a) +0 shortbow
Press: ? - help, Q - select action, (/) - cycle Shift-Dir - straight line, f/p - orc
Aim: an orc, wielding a +0 club and wearing a +0 leather armour (almost dead, 66% to hit)
You shoot an arrow. The arrow hits the orc!
You kill the orc!
Key pressed, stopping explore.
Key pressed, stopping explore.
HP restored.
A scorpion comes into view.
You shoot an arrow.
The arrow hits the scorpion but does no damage.
You shoot an arrow. The arrow hits the scorpion!
The scorpion is severely wounded.
The scorpion stings you but does no damage.
You shoot an arrow.
The arrow hits the scorpion but does no damage.
The scorpion is severely wounded.
The scorpion misses you.
You shoot an arrow. The arrow hits the scorpion.
You kill the scorpion!
No target in view!
You now have 261 gold pieces (gained 21).
Key pressed, stopping explore.
An ogre comes into view. It is wielding a +0 giant club.
An ogre is nearby!
You shoot an arrow.
The arrow hits the ogre but does no damage.
The ogre shouts!
You shoot an arrow. The arrow hits the ogre.
The ogre is moderately wounded.
You shoot an arrow. The arrow hits the ogre.
The ogre is heavily wounded.
You shoot an arrow.
The arrow hits the ogre but does no damage.
The ogre is heavily wounded.
You shoot an arrow.
The arrow hits the ogre but does no damage.
The ogre is heavily wounded.
You shoot an arrow. The arrow hits the ogre!
The ogre is severely wounded.
You shoot an arrow. The arrow hits the ogre.
The ogre is almost dead.
You shoot an arrow. The arrow hits the ogre!
You kill the ogre!
Things that are here:
a +0 giant club; an ogre corpse
There is a stone staircase leading up, spattered with blood here.
Things that are here:
a +0 club; a +0 leather armour You see here a +0 robe.
A wight comes into view. It is wielding a +1 halberd.
A wight comes into view. It is wielding a +3 halberd.
The wight throws a stone.
The stone hits you.
There are monsters nearby!
There are monsters nearby!
You shoot an arrow. The arrow completely misses the wight.
You shoot an arrow.
The arrow hits the wight but does no damage.
You shoot an arrow. The arrow hits the wight.
The wight is lightly damaged.
You shoot an arrow. The arrow barely misses the wight.
The wight throws a stone.
The stone hits you.
You shoot an arrow. The arrow hits the wight!
The wight is severely damaged.
You shoot an arrow. The arrow hits the wight.
You destroy the wight!
You have reached level 9!
Your experience leads to an increase in your attributes!
Increase (S)trength, (I)ntelligence, or (D)exterity?
You feel agile. x2
Things that are here:
a +1 halberd; 3 stones; a +0 robe A phantom comes into view.
You shoot an arrow. The arrow barely misses the phantom.
You shoot an arrow.
The arrow hits the phantom but does no damage.
You shoot an arrow. The arrow hits the phantom.
The phantom is moderately damaged.
You shoot an arrow. The arrow closely misses the phantom.
You shoot an arrow. The arrow misses the phantom.
You shoot an arrow. The arrow barely misses the phantom.
You shoot an arrow. The arrow hits the phantom!
The phantom is severely damaged.
The phantom barely misses you.
You shoot an arrow. The arrow closely misses the phantom.
The phantom closely misses you.
You shoot an arrow. The arrow hits the phantom!
You destroy the phantom!
An adder comes into view.
The adder hisses angrily.
You shoot an arrow.
The arrow hits the adder but does no damage.
You shoot an arrow. The arrow hits the adder.
The adder is heavily wounded.
You shoot an arrow. The arrow closely misses the adder.
You shoot an arrow. The arrow hits the adder!
You kill the adder!
Your Ranged Weapons skill increases to level 12!
No target in view!
A wight is nearby!
A wight is nearby!
You shoot an arrow. The arrow hits the wight.
The wight is lightly damaged.
You shoot an arrow. The arrow hits the wight.
The wight is heavily damaged.
You shoot an arrow. The arrow hits the wight.
The wight is severely damaged.
You shoot an arrow. The arrow closely misses the wight.
You shoot an arrow. The arrow hits the wight.
The wight is almost destroyed.
You shoot an arrow. The arrow barely misses the wight.
You shoot an arrow. The arrow hits the wight!
You destroy the wight!
You shoot an arrow. The arrow hits the wight!
The wight is heavily damaged.
The wight zaps a wand.
The bolt of light hits you.
A wight comes into view. It is wielding a +0 war axe.
You shoot an arrow.
The arrow hits the wight but does no damage.
The wight is heavily damaged.
The wight zaps a wand.
The bolt of light hits you!
You are confused.
You shoot an arrow. The wight throws a stone.
The stone closely misses you.
You are too confused!
Unknown command.
You bump into the rock wall.
You feel less confused.
Fire: a) +0 shortbow
Press: ? - help, Q - select action, (/) - cycle Shift-Dir - straight line, f/p - wight
Aim: a wight, wielding a +3 morningstar, wearing a +0 leather armour, quivering stones and carrying a wand of light (4) (heavily damaged, 68% to hit)
You shoot an arrow. The arrow hits the wight.
The wight is heavily damaged.
The wight throws a stone.
The stone barely misses you.
Hop to where?
Press: ? - help, Dir - move target, p - wight Boing!
Fire: a) +0 shortbow
Press: ? - help, Q - select action, (/) - cycle Shift-Dir - straight line, f - wight
Aim: a wight, wielding a +0 war axe and wearing a +0 scale mail (71% to hit)
You shoot an arrow. The arrow closely misses the wight.
The arrow hits the wight!
You destroy the wight!
Fire: a) +0 shortbow
Press: ? - help, Q - select action, (/) - cycle Shift-Dir - straight line, f/p - wight
Aim: a wight, wielding a +0 war axe and wearing a +0 scale mail (71% to hit)
You shoot an arrow.
The arrow hits the wight but does no damage.
Fire: a) +0 shortbow
Press: ? - help, Q - select action, (/) - cycle Shift-Dir - straight line, f/p - wight
Aim: a wight, wielding a +0 war axe and wearing a +0 scale mail (71% to hit)
You shoot an arrow. The arrow closely misses the wight.
You aren't carrying any items that you can evoke.
As you read the scroll labelled NUIMAY KEQUDIKU, it crumbles to dust.
Magic quickly surges around you.
It was a scroll of vulnerability.
As you read the scroll labelled RUVYMEC JYPREF, it crumbles to dust.
It is a scroll of enchant weapon.
Your +0 shortbow glows red for a moment.
Okay, then.
It was a potion of degeneration.
There was something very wrong with that liquid.
You feel weakened.
You feel dopey.
You feel clumsy. The wight hits you but does no damage.
The wight closely misses you.
It was a potion of magic.
Magic courses through your body. The wight barely misses you.
The wight hits you with a +0 war axe!
You feel drained.
It was a potion of mutation.
You feel extremely strange.
You feel less energetic.
You feel genetically stable.
The wight hits you from afar with a +3 halberd.
The wight hits you with a +0 war axe.
You feel drained.
It was a potion of heal wounds.
You feel much better. The wight closely misses you. The wight misses you.
Fire: a) +1 shortbow
Press: ? - help, Q - select action, (/) - cycle Shift-Dir - straight line, f - wight, p - wight
Aim: a wight, wielding a +3 halberd and wearing a +0 robe (weak-willed, 68% to hit)
Okay, then.
As you read the scroll labelled JUISELIROMP, it crumbles to dust.
It is a scroll of enchant armour.
Your +2 leather armour of fire resistance glows green for a moment.
The wight hits you from afar with a +3 halberd.
You feel drained. The wight closely misses you.
The air fills with toxic fumes!
As you read the scroll labelled KELAWE QATEROX, it crumbles to dust.
It was a scroll of poison.
The wight closely misses you. The wight misses you.
As you read the scroll labelled VOMUGISIUMU, it crumbles to dust.
It is a scroll of brand weapon.
Your +1 shortbow erupts in a glittering mayhem of colour.
a - a +1 shortbow of chaos (weapon)
The wight barely misses you. The wight hits you with a +0 war axe.
You feel drained.
Fire: a) +1 shortbow (chaos)
Press: ? - help, Q - select action, (/) - cycle Shift-Dir - straight line, p - wight You shoot an arrow.
The arrow hits the wight.
The arrow burns the wight.
The wight is lightly damaged.
The wight hits you from afar with a +3 halberd.
You feel drained. The wight barely misses you.
Fire: a) +1 shortbow (chaos)
Press: ? - help, Q - select action, (/) - cycle Shift-Dir - straight line, f - wight
Aim: a wight, wielding a +0 war axe and wearing a +0 scale mail (lightly damaged, weak-willed, 71% to hit)
You shoot an arrow. The arrow barely misses the wight.
The wight barely misses you.
The wight hits you from afar with a +3 halberd!
Fire: a) +1 shortbow (chaos)
Press: ? - help, Q - select action, (/) - cycle Shift-Dir - straight line, f/p - wight
Aim: a wight, wielding a +0 war axe and wearing a +0 scale mail (lightly damaged, weak-willed, 71% to hit)
You shoot an arrow. The arrow hits the wight.
The arrow burns the wight.
The wight is heavily damaged.
The wight hits you from afar with a +3 halberd!
* * * LOW HITPOINT WARNING * * *
The wight closely misses you.
Fire: a) +1 shortbow (chaos)
Press: ? - help, Q - select action, (/) - cycle Shift-Dir - straight line, f/p - wight
Aim: a wight, wielding a +0 war axe and wearing a +0 scale mail (heavily damaged, weak-willed, 71% to hit)
You shoot an arrow. The arrow closely misses the wight.
The wight hits you from afar with a +3 halberd!
* * * LOW HITPOINT WARNING * * *
You feel drained.
* * * LOW HITPOINT WARNING * * *
The wight hits you but does no damage.
Fire: a) +1 shortbow (chaos)
Press: ? - help, Q - select action, (/) - cycle Shift-Dir - straight line, f/p - wight
Aim: a wight, wielding a +0 war axe and wearing a +0 scale mail (heavily damaged, weak-willed, 71% to hit)
You shoot an arrow. The arrow barely misses the wight.
The wight closely misses you. The wight misses you.
You feel much better. The wight barely misses you.
The wight hits you but does no damage.
Fire: a) +1 shortbow (chaos)
Press: ? - help, Q - select action, (/) - cycle Shift-Dir - straight line, f/p - wight
Aim: a wight, wielding a +0 war axe and wearing a +0 scale mail (heavily damaged, weak-willed, 71% to hit)
You shoot an arrow.
The arrow hits the wight but does no damage.
The wight seems to grow stronger.
The wight is heavily damaged.
The wight barely misses you. x2
As you read the scroll labelled FEOGHU NU WEPT, it crumbles to dust.
A profound silence engulfs you.
It was a scroll of silence.
The wight hits you from afar with a +3 halberd.
* * * LOW HITPOINT WARNING * * *
The wight hits you with a +0 war axe!
* * * LOW HITPOINT WARNING * * *
Magic scrolls do not work when you're silenced!
It was a potion of curing.
You feel better.
The wight hits you from afar with a +3 halberd!
* * * LOW HITPOINT WARNING * * *
The wight barely misses you.
It was a potion of brilliance.
You feel clever all of a sudden.
The wight hits you from afar with a +3 halberd!
* * * LOW HITPOINT WARNING * * *
You feel drained.
* * * LOW HITPOINT WARNING * * *
The wight misses you.
It was a potion of flight.
You feel very buoyant.
You fly up into the air.
The wight hits you from afar with a +3 halberd!
You die...

§..#### #...##.### ..#
☼.... .........# #.# # °).
.......####.. #°##§#
.....##..#.
#.☼.§###########.#.....##
####.°☼○..☼§☼..#.....##..
##.§z☼§○○#......#..#..#
#☼☼○○§z○○#......#...#.#
#§.○☼§@§§##....##.###..
#####°.§°○☼..##....##.#..#.
#.§§§☼○○§☼..°○##..##..#..##
#.#####°§.☼○§§##..##.......
#.#####§.○.○.§☼####).......
#.#...☼§.°°.§°§####........
#.#.###○°§°.§☼°.##..####...
#...# #######.☼☼##.........
##### ##○☼####).###...


You could see 2 wights.

Vanquished Creatures
  Sigmund (D:2)
  Edmund (D:4)
  A water moccasin (D:5)
  A black bear (D:4)
  An ice beast (D:5)
  An orc warrior (D:3)
  2 ogres
  A centaur (D:5)
  A phantom (D:5)
  3 scorpions
  3 wights (D:5)
  A hound (D:5)
  A jelly (D:4)
  4 orc priests
  7 orc wizards
  3 gnolls (D:5)
  6 adders
  2 worms (D:2)
  2 dart slugs (D:1)
  25 orcs
  9 ball pythons
  2 endoplasms
  4 goblins
  A hobgoblin (D:1)
  6 jackals
  7 kobolds
  A quokka (D:1)
  7 bats
  3 frilled lizards
  6 rats
113 creatures vanquished.

Notes
Turn   | Place    | Note
-------+----------+-------------------------------------------
     0 | D:1      | sleeves the Barachi Hunter began the quest for the Orb.
     0 | D:1      | Reached XP level 1. HP: 17/17 MP: 1/1
    26 | D:1      | HP: 8/17 [kobold/+0 whip (3)]
   292 | D:1      | HP: 8/17 [kobold/+0 dagger (3)]
   520 | D:1      | Reached XP level 2. HP: 23/23 MP: 2/2
   927 | D:1      | Reached XP level 3. HP: 28/28 MP: 3/3
  1081 | D:1      | Reached skill level 5 in Ranged Weapons
  1346 | D:2      | Found a faded altar of an unknown god.
  1741 | D:2      | Noticed Sigmund
  1875 | D:3      | HP: 13/28 [poisoned by an adder]
  1879 | D:3      | HP: 6/28 [poisoned by an adder]
  1882 | D:3      | HP: 2/28 [poisoned by an adder]
  2212 | D:3      | Reached XP level 4. HP: 34/34 MP: 4/4
  2370 | D:3      | HP: 12/34 [orc/+0 morningstar (9)]
  2371 | D:3      | HP: 5/34 [orc/+0 morningstar (7)]
  2801 | D:2      | Killed Sigmund
  2802 | D:2      | Reached skill level 7 in Ranged Weapons
  2802 | D:2      | Reached XP level 5. HP: 39/39 MP: 5/5
  2802 | D:2      | Reached XP level 6. HP: 46/46 MP: 6/6
  3270 | D:4      | Noticed a black bear
  3270 | D:4      | Noticed an orc warrior
  3471 | D:4      | Noticed Edmund
  3482 | D:4      | Killed Edmund
  3483 | D:4      | Reached skill level 8 in Ranged Weapons
  3484 | D:4      | Reached XP level 7. HP: 35/51 MP: 7/7
  3548 | D:3      | HP: 19/51 [orc warrior/stone (9)]
  3950 | D:4      | Reached skill level 9 in Ranged Weapons
  4282 | D:3      | Reached XP level 8. HP: 50/57 MP: 8/8
  4350 | D:4      | Reached skill level 10 in Ranged Weapons
  4810 | D:5      | Entered Level 5 of the Dungeon
  5242 | D:5      | HP: 28/57 [poisoned by a water moccasin]
  5247 | D:5      | Reached skill level 11 in Ranged Weapons
  5247 | D:5      | HP: 24/57 [poisoned by a water moccasin]
  5805 | D:5      | Reached XP level 9. HP: 51/62 MP: 9/9
  5893 | D:5      | Reached skill level 12 in Ranged Weapons
  5951 | D:5      | Gained mutation: Your magical capacity is low. (-10% MP)
                  | [potion of mutation]
  5951 | D:5      | Gained mutation: You are somewhat resistant to further
                  | mutation. [potion of mutation]
  5958 | D:5      | HP: 17/54 [wight/+3 halberd (17)]
  5959 | D:5      | HP: 8/54 [wight/+3 halberd (9)]
  5964 | D:5      | HP: 12/52 [wight/+3 halberd (8)]
  5965 | D:5      | HP: 4/52 [wight/+3 halberd (8)]
  5966 | D:5      | Mangled by a wight

Illustrated notes

Levels and vault maps discovered:
D:1:      shiori_arrival_elements, layout_loops_ring
D:2:      layout_loops_corners, shapermc_ecumenical_altar_mp_ritualfount,
          uniq_sigmund
D:3:      layout_basic
D:4:      layout_rooms, uniq_edmund
D:5:      layout_basic, mainiacjoe_overflow_chevrons, nicolae_eternal_life,
          minmay_misc_feat_x, eino_small_chamber_without_monster,
          minmay_misc_feat_rows

Skill      XL: |  1  2  3  4  5  6  7  8  9 |
---------------+----------------------------+-----
Ranged Weapons | 5 7 8 9 11 12 | 12.1
Fighting       | |  2.4
Dodging        | |  2.1
Stealth        | |  0.8

Action                   |  1- 3 |  4- 6 |  7- 9 || total
-------------------------+-------+-------+-------++-------
 Fire: Shortbow          |   105 |    77 |   297 ||   479
 Abil: Hop               |     1 |     3 |     6 ||    10
Evoke: Wand              |       |     8 |     3 ||    11
  Use: Scroll            |     2 |       |     6 ||     8
       Potion            |       |       |     8 ||     8
Armor: Leather armour    |    11 |    14 |    73 ||    98
Dodge: Dodged            |    30 |    23 |   122 ||   175
